[Event "*** SCC Grand Prix: Titled Tuesday Blitz"]
[Site "Chess.com"]
[Date "2020.08.11"]
[Round "7"]
[White "FeketeBarika"]
[Black "mortngabriel"]
[Result "0-1"]
[WhiteElo "2193"]
[BlackElo "2456"]
[TimeControl "180+1"]
[EndTime "11:16:23 PDT"]
[Termination "mortngabriel won by resignation"]

1. Nf3 c5 2. g3 Nc6 3. Bg2 e5 4. c4 g6 5. Nc3 Bg7 6. O-O Nge7 7. d3 O-O 8. Rb1 h6 9. a3 a5 10.
Ne1 d6 11. Nc2 Nd4 12. Ne3 f5 13. Ned5 Nec6 14. e3 Ne6 15. b4 axb4 16. axb4 g5 17. b5 Ne7 18. f4 exf4 19. gxf4 Ng6 20. Bb2 gxf4 21. Qh5 Qg5 22. Qxg6 Qxg6 23. Ne7+ Kh7 24. Nxg6 Kxg6 25. exf4 Nd4 26. Nd5 Kf7 27. Nb6 Ra2 28. Nxc8 Rxc8 29. Bxb7 Re8 30. Bd5+ Kf8 31. Kh1 Re2 32. b6 Raxb2 33. b7 Rxh2+ 34. Kg1 Nf3+ 35. Bxf3 Bd4+ 36. Rf2 Rxb1+ 37. Kxh2 Bxf2 0-1

[Event "*** SCC Grand Prix: Titled Tuesday Blitz"]
[Site "Chess.com"]
[Date "2020.08.11"]
[Round "7"]
[White "Kaliopa"]
[Black "QueenOfTactics90"]
[Result "1-0"]
[WhiteElo "2191"]
[BlackElo "1945"]
[TimeControl "180+1"]
[EndTime "11:16:23 PDT"]
[Termination "Kaliopa won by resignation"]

1. e4 c5 2. c3 Nf6 3. e5 Nd5 4. Nf3 Nc6 5. d4 cxd4 6. cxd4 d6 7. Bc4 Nb6 8. Bb5 d5 9. O-O a6 10. Bxc6+ bxc6 11. Qc2 Qc7 12. Be3 Bg4 13. Nbd2 e6 14.
Rac1 Rc8 15. a4 Bxf3 16. Nxf3 Nc4 17. b3 Nxe3 18. fxe3 c5 19. Qd3 c4 20. bxc4 dxc4 21. Qc3 Qd7 22. Ng5 Qxa4 23. Nxf7 Rg8 24. Ng5 Bb4 25.
Qb2 c3 26. Qf2 Rf8 27. Qh4 Rxf1+ 28. Rxf1 c2 29. Qxh7 c1=Q 30. Qg8+ Kd7 31. Qxe6+ 1-0

[Event "*** SCC Grand Prix: Titled Tuesday Blitz"]
[Site "Chess.com"]
[Date "2020.08.11"]
[Round "7"]
[White "Fins0905"]
[Black "Aguiar94"]
[Result "1-0"]
[WhiteElo "2636"]
[BlackElo "2449"]
[TimeControl "180+1"]
[EndTime "11:16:24 PDT"]
[Termination "Fins0905 won by checkmate"]

1. Nf3 d5 2. d4 Nf6 3. c4 e6 4.
Bg5 h6 5. Bxf6 Qxf6 6. Nc3 Bb4 7. Qa4+ Nc6 8. e3 O-O 9. Rc1 a6 10. Qc2 dxc4 11. Bxc4 b5 12. Be2 Bb7 13. O-O Rac8 14. Ne4 Qe7 15. Nc5 Bxc5 16. Qxc5 Qxc5 17. Rxc5 Nb4 18.
a3 Nd5 19. Rfc1 Rfd8 20. Ne5 f6 21. Nc6 Rd7 22. Bf3 Kf7 23. g4 Rd6 24. Na5 Ba8 25. e4 Nb6 26. Rxc7+ Rxc7 27. Rxc7+ Kg6 28. Nb3 Rd8 29. Nc5 Rd6 30. h4 h5 31. gxh5+ Kh6 32.
Re7 Rxd4 33. Rxe6 Nc4 34. Re8 Ne5 35. Rh8# 1-0

[Event "*** SCC Grand Prix: Titled Tuesday Blitz"]
[Site "Chess.com"]
[Date "2020.08.11"]
[Round "7"]
[White "Ural_bogatyr"]
[Black "Panterov"]
[Result "1-0"]
[WhiteElo "2356"]
[BlackElo "2210"]
[TimeControl "180+1"]
[EndTime "11:16:25 PDT"]
[Termination "Ural_bogatyr won on time"]

1. e4 e6 2. d4 d5 3. Bd3 Nf6 4. e5 Nfd7 5. c3 c5 6. f4 Nc6 7.
Nf3 Qb6 8. Bc2 cxd4 9. cxd4 Qa6 10. Nc3 Bb4 11. a3 O-O 12. Bd3 Qa5 13. O-O Bxc3 14. bxc3 g6 15. Bd2 Qc7 16. g4 Na5 17. f5 Nc4 18.
Ng5 Nxd2 19. Qxd2 exf5 20. gxf5 Nxe5 21. dxe5 Qxe5 22. Rae1 Qd6 23. fxg6 hxg6 24. Qf2 Qxa3 25. Qh4 1-0

[Event "*** SCC Grand Prix: Titled Tuesday Blitz"]
[Site "Chess.com"]
[Date "2020.08.11"]
[Round "7"]
[White "natelleka"]
[Black "AttackSparrow"]
[Result "0-1"]
[WhiteElo "2081"]
[BlackElo "2318"]
[TimeControl "180+1"]
[EndTime "11:16:25 PDT"]
[Termination "AttackSparrow won on time"]

1. e4 c5 2. Nf3 e6 3. d4 cxd4 4. Nxd4 Nc6 5. Nb5 d6 6. c4 Nf6 7. N1c3 a6 8. Na3 Be7 9. Be2 O-O 10. Be3 b6 11. Rc1 Bb7 12. f4 Rc8 13. O-O Nb8 14.
Bd3 Nbd7 15. b4 Qc7 16. Nc2 Rfe8 17. Nd4 Qb8 18. a3 Bd8 19. h3 Bc7 20. Qe2 Ba8 21. Qf2 Nf8 22. g4 d5 23. exd5 exd5 24. Nf5 dxc4 25. Bxc4 b5 26. Ba2 Rxe3 27. Nxe3 Bb6 28. Rfe1 Qb7 29. Qh2 Qf3 30. Nd1 Rxc1 0-1

[Event "*** SCC Grand Prix: Titled Tuesday Blitz"]
[Site "Chess.com"]
[Date "2020.08.11"]
[Round "7"]
[White "SRDR8290"]
[Black "DrMamaliga"]
[Result "0-1"]
[WhiteElo "2377"]
[BlackElo "2205"]
[TimeControl "180+1"]
[EndTime "11:16:30 PDT"]
[Termination "DrMamaliga won by resignation"]

1. d4 Nf6 2. c4 e6 3. Nf3 b6 4. e3 c6 5. Nc3 d5 6. Bd3 Be7 7. cxd5 cxd5 8. Ne5 O-O 9. O-O Bb7 10.
Bd2 Nbd7 11. f4 Rc8 12. Rf3 Ne4 13. Rh3 f5 14. g4 Nxd2 15. gxf5 Nxe5 16. fxe5 Ne4 17. Bxe4 dxe4 18. Qh5 h6 19. Qg6 Qe8 20. Qxe6+ Qf7 21. Qxf7+ Rxf7 22. Rf1 Rcf8 23. Rh5 Bg5 24. f6 Bxe3+ 25. Kg2 Bxd4 26. Nb5 e3+ 27. Kh3 e2 28. Re1 Bc5 29. e6 Rxf6 0-1

[Event "*** SCC Grand Prix: Titled Tuesday Blitz"]
[Site "Chess.com"]
[Date "2020.08.11"]
[Round "7"]
[White "LuisFSiles"]
[Black "CzechmVIII"]
[Result "0-1"]
[WhiteElo "2303"]
[BlackElo "2171"]
[TimeControl "180+1"]
[EndTime "11:16:31 PDT"]
[Termination "CzechmVIII won by resignation"]

1. e4 c5 2. c3 d5 3. exd5 Nf6 4. Bb5+ Nbd7 5. c4 a6 6. Bxd7+ Qxd7 7. Nc3 e6 8. dxe6 Qxe6+ 9. Qe2 Be7 10. Qxe6 Bxe6 11. b3 O-O 12. Nge2 b5 13. cxb5 axb5 14. Bb2 b4 15.
Na4 Rfd8 16. d4 c4 17. Nb6 c3 18.
Bc1 Ra6 19. Nc4 Bxc4 20. bxc4 b3 21. Nxc3 Rxd4 22. Bb2 bxa2 23. O-O Rd2 24. Bc1 Rc2 25.
Nd5 Nxd5 26. cxd5 Bf6 27. Re1 h6 28. Re8+ Kh7 29. d6 Bxa1 30. g4 Bf6 31. d7 a1=Q 0-1

[Event "*** SCC Grand Prix: Titled Tuesday Blitz"]
[Site "Chess.com"]
[Date "2020.08.11"]
[Round "7"]
[White "Bigfish1995"]
[Black "albano87"]
[Result "0-1"]
[WhiteElo "2941"]
[BlackElo "2565"]
[TimeControl "180+1"]
[EndTime "11:16:34 PDT"]
[Termination "albano87 won by resignation"]

1. d4 d5 2. c4 e6 3. Nf3 Nf6 4.
g3 Be7 5. Bg2 O-O 6. O-O dxc4 7.
Qc2 a6 8. a4 Bd7 9. Qxc4 Bc6 10. Nc3 b5 11. Qd3 b4 12. Nd1 Be4 13. Qc4 Nc6 14.
Bg5 Na5 15. Qa2 b3 16. Bxf6 bxa2 17. Bxe7 Qxe7 18. Nc3 Bb7 19. Rxa2 c5 20. dxc5 Qxc5 21. Raa1 Bxf3 22. Bxf3 Rab8 23. Ne4 Qf5 24. Rac1 Nb3 25.
Rc4 Rfd8 26. h4 h6 27. Kg2 a5 28. Re1 Rb4 29. Rxb4 axb4 30. g4 Qa5 31. e3 Qxa4 32.
g5 Nd2 33. Rd1 Qxd1 34. Bxd1 Nxe4 35. Bf3 Nxf2 36. Kxf2 hxg5 37. hxg5 Rd2+ 38. Ke1 Rxb2 39. Be4 b3 40. Kd1 Kf8 41. Bd3 Rf2 42. Kc1 Rg2 43. g6 Rxg6 44. Kb2 Rg3 0-1

[Event "*** SCC Grand Prix: Titled Tuesday Blitz"]
[Site "Chess.com"]
[Date "2020.08.11"]
[Round "7"]
[White "NateSolon"]
[Black "Chessdemon2019"]
[Result "1-0"]
[WhiteElo "2518"]
[BlackElo "2346"]
[TimeControl "180+1"]
[EndTime "11:16:35 PDT"]
[Termination "NateSolon won by checkmate"]

1. d4 Nf6 2. c4 e6 3. Nf3 b6 4. g3 Bb7 5. Bg2 Bb4+ 6. Nbd2 O-O 7. O-O d6 8. Nb1 d5 9. c5 bxc5 10. a3 Ba5 11. dxc5 c6 12. b4 Bc7 13. Bb2 Nbd7 14. Nbd2 a5 15. Qc2 axb4 16. axb4 Ba6 17. Rfe1 Qe7 18.
Nd4 Bb5 19. Nxb5 cxb5 20. e4 dxe4 21. Nxe4 Rxa1 22. Rxa1 Nxe4 23. Bxe4 Be5 24. Bxh7+ Kh8 25. Bd3 Bxb2 26. Qxb2 Rb8 27. Ra7 Qd8 28. c6 Nf6 29. c7 Qc8 30. cxb8=Q Qxb8 31. Qa1 Qd6 32. Ra8+ Ng8 33.
Bxb5 Qxb4 34. Bf1 Kh7 35. Qa3 Qd4 36. Qd3+ Qxd3 37. Bxd3+ g6 38. f4 Nf6 39. Ra7 Kg7 40. Bc4 Ne4 41. Bxe6 Nd2 42. Bxf7 Kf6 43. Bd5 Nb1 44.
Be4 Nc3 45. Ra6+ Kg7 46. Bxg6 Ne2+ 47. Kf2 Nd4 48. Be4 Nb5 49. g4 Nc3 50. Bf3 Nb5 51. g5 Nd4 52. h4 Nf5 53. h5 Nd4 54. Ra7+ Kg8 55. Bd5+ Kh8 56. h6 Ne6 57. Ra8+ Kh7 58. Be4# 1-0

[Event "*** SCC Grand Prix: Titled Tuesday Blitz"]
[Site "Chess.com"]
[Date "2020.08.11"]
[Round "7"]
[White "kobemagic"]
[Black "mbachez"]
[Result "1-0"]
[WhiteElo "2299"]
[BlackElo "2452"]
[TimeControl "180+1"]
[EndTime "11:16:37 PDT"]
[Termination "kobemagic won by resignation"]

1. c4 e5 2. g3 Nf6 3. Bg2 Bc5 4. e3 O-O 5. Nc3 c6 6. d4 exd4 7. exd4 Bb4 8. Ne2 d5 9. cxd5 Nxd5 10. O-O Be6 11. a3 Ba5 12. b4 Bb6 13. Ne4 f6 14. Nc5 Bxc5 15. dxc5 Re8 16. Nf4 Bf7 17. Nxd5 Bxd5 18.
Bxd5+ cxd5 19. Bb2 Nc6 20. Re1 Qd7 21. Qd2 Ne5 22. Bxe5 fxe5 23. Rad1 Rad8 24. Qd3 Qf7 25. Re2 e4 26. Qe3 Qf6 27. Rd4 Re5 28. Qd2 Rf5 29.
Rexe4 Rf8 30. Rf4 Rxf4 31. Rxf4 Qa1+ 32. Kg2 Rxf4 33. Qxf4 Qxa3 34. Qb8+ Kf7 35. Qxb7+ Ke6 36. Qc6+ Ke5 37. Qd6+ Kd4 38. c6 Qd3 39. Qf4+ Kc3 40. Qe3 1-0

[Event "*** SCC Grand Prix: Titled Tuesday Blitz"]
[Site "Chess.com"]
[Date "2020.08.11"]
[Round "7"]
[White "Djager97"]
[Black "Tashik"]
[Result "1-0"]
[WhiteElo "2598"]
[BlackElo "2387"]
[TimeControl "180+1"]
[EndTime "11:16:38 PDT"]
[Termination "Djager97 won on time"]

1. e4 e5 2. Nf3 Nc6 3. d4 exd4 4. Nxd4 Nf6 5. Nxc6 bxc6 6. e5 Qe7 7. Qe2 Nd5 8. c4 Nb6 9. b3 g6 10. g3 Bg7 11. Bb2 d6 12. Bg2 Bd7 13. O-O dxe5 14. Nd2 O-O 15. a4 Rfe8 16. Ne4 f6 17. Ba3 Qf7 18. a5 Nc8 19. Nc5 Nd6 20. Rfd1 Bf5 21. Bxc6 Rab8 22. Bxe8 Qxe8 23. Na6 Rb7 24. Nxc7 Rxc7 25.
Bxd6 Rb7 26. b4 Bh3 27. b5 Rd7 28. c5 Qe6 29. Qe4 Bg4 30. f3 Bf5 31. Qd5 Kf7 32. c6 1-0

[Event "*** SCC Grand Prix: Titled Tuesday Blitz"]
[Site "Chess.com"]
[Date "2020.08.11"]
[Round "7"]
[White "FMOlexandrProhorov"]
[Black "tk22h"]
[Result "1-0"]
[WhiteElo "2149"]
[BlackElo "2371"]
[TimeControl "180+1"]
[EndTime "11:16:38 PDT"]
[Termination "FMOlexandrProhorov won by resignation"]

1. e4 e5 2. Nf3 Nc6 3. Bb5 a6 4. Bxc6 dxc6 5. h3 Bd6 6. O-O Ne7 7. d4 Ng6 8. Nc3 exd4 9. Qxd4 f6 10. Re1 O-O 11. Be3 Be6 12. Rad1 Qe7 13. Qd2 Rad8 14. Nd4 Be5 15. Qe2 Qf7 16. Nxe6 Qxe6 17. Rxd8 Rxd8 18. Rd1 Rxd1+ 19. Qxd1 Qd6 20. Qg4 Bxc3 21. bxc3 Qe7 22. Qc8+ Nf8 23. Qxb7 Qxe4 24. Qxc7 Qd5 25. Qc8 Kf7 26.
Qxa6 Ne6 27. Qb7+ Kg6 28. a4 Qd1+ 29. Kh2 Qd5 30. Qb4 c5 31. Qg4+ Kf7 32. a5 Qe5+ 33. g3 Qxc3 34. Qa4 Nd4 35. Bxd4 Qxd4 36. Qxd4 cxd4 37.
a6 1-0

[Event "*** SCC Grand Prix: Titled Tuesday Blitz"]
[Site "Chess.com"]
[Date "2020.08.11"]
[Round "7"]
[White "Mbneu"]
[Black "elegant285"]
[Result "1-0"]
[WhiteElo "2239"]
[BlackElo "2361"]
[TimeControl "180+1"]
[EndTime "11:16:38 PDT"]
[Termination "Mbneu won by resignation"]

1. d4 Nf6 2. c4 e6 3. Nc3 Bb4 4.
Bg5 c5 5. d5 h6 6. Bh4 g5 7. Bg3 exd5 8. cxd5 Qa5 9. Be5 Qb6 10.
a3 Bxc3+ 11. Bxc3 Qd6 12. h4 g4 13. e4 Qf4 14. Qe2 O-O 15. g3 Qd6 16. O-O-O Qe7 17. e5 Nh7 18. Qxg4+ Kh8 19. Qf4 b5 20. Bxb5 Ba6 21. Bxa6 Nxa6 22. Qxh6 Rab8 23. Qxa6 1-0

[Event "*** SCC Grand Prix: Titled Tuesday Blitz"]
[Site "Chess.com"]
[Date "2020.08.11"]
[Round "7"]
[White "Na_binci"]
[Black "kallerotmg"]
[Result "0-1"]
[WhiteElo "1962"]
[BlackElo "2230"]
[TimeControl "180+1"]
[EndTime "11:16:38 PDT"]
[Termination "kallerotmg won on time"]

1. d4 Nf6 2. c4 e6 3. Nf3 a6 4.
Bg5 b5 5. e3 bxc4 6. Bxc4 Bb7 7. O-O Be7 8. Nbd2 O-O 9. Qe2 c5 10. dxc5 Bxc5 11. e4 d6 12. Rfd1 Nbd7 13. Rac1 e5 14.
a3 h6 15. Bh4 Qe7 16. b4 Ba7 17. Ba2 Rfc8 18. Nc4 d5 19. exd5 e4 20. Nd4 Bxd5 21.
Nf5 Qe6 22. Rxd5 Nxd5 23. Nfd6 Qxd6 0-1

[Event "*** SCC Grand Prix: Titled Tuesday Blitz"]
[Site "Chess.com"]
[Date "2020.08.11"]
[Round "7"]
[White "tylityli"]
[Black "DishonorOnYourCow"]
[Result "0-1"]
[WhiteElo "2167"]
[BlackElo "2325"]
[TimeControl "180+1"]
[EndTime "11:16:39 PDT"]
[Termination "DishonorOnYourCow won by resignation"]

1. d4 Nf6 2. c4 g6 3. Nc3 d5 4.
cxd5 Nxd5 5. Bd2 Bg7 6. e4 Nb6 7. Be3 O-O 8. Nf3 Nc6 9. d5 Ne5 10. Bd4 Nxf3+ 11. gxf3 e5 12. Be3 c6 13. h4 cxd5 14.
exd5 h5 15. Bc5 Re8 16. d6 Be6 17. Ne4 Nd5 18. Bb5 Qa5+ 19. Kf1 Qxb5+ 20. Kg2 Nf4+ 21. Kg3 Red8 22. b4 b6 23. a4 Qe2 24. Be3 f5 25. Ng5 Bd5 26. Re1 Qxd1 27. Raxd1 Bb3 28. Rd2 Nd5 29. f4 exf4+ 30. Bxf4 Nxf4 31. Kxf4 Bc3 32. Rde2 Bxe1 33. Rxe1 Rxd6 34. Re7 Rc8 35. Nh7 Bf7 36. Ng5 Rc4+ 37. Ke5 Rd5+ 38. Kf6 Rc6+ 39. Ne6 Rxe6+ 0-1

[Event "*** SCC Grand Prix: Titled Tuesday Blitz"]
[Site "Chess.com"]
[Date "2020.08.11"]
[Round "7"]
[White "Shahinyan_ChessMood"]
[Black "GOGIEFF"]
[Result "1-0"]
[WhiteElo "2713"]
[BlackElo "2854"]
[TimeControl "180+1"]
[EndTime "11:16:40 PDT"]
[Termination "Shahinyan_ChessMood won by resignation"]

1. e4 c5 2. Nc3 d6 3. g3 g6 4.
Bg2 Bg7 5. d3 Nc6 6. Be3 Nf6 7.
h3 O-O 8. Qd2 Nd4 9. Nce2 e5 10.
f4 Nh5 11. c3 exf4 12. gxf4 Nc6 13. O-O-O b5 14. Bf3 Qa5 15. Kb1 Be6 16. Nc1 Nf6 17.
Nge2 Rfd8 18. h4 Rab8 19. h5 d5 20. e5 Nd7 21. hxg6 hxg6 22. Ng3 b4 23. c4 Ncxe5 24. fxe5 Nxe5 25. Bxd5 Bxd5 26. cxd5 Rxd5 27. Qh2 c4 28.
Qh7+ Kf8 29. Bh6 Bxh6 30. Qxh6+ Ke7 31. dxc4 Nxc4 32. Qh4+ 1-0

[Event "*** SCC Grand Prix: Titled Tuesday Blitz"]
[Site "Chess.com"]
[Date "2020.08.11"]
[Round "7"]
[White "frederiksvane"]
[Black "MashaFromRussia"]
[Result "1-0"]
[WhiteElo "2580"]
[BlackElo "2406"]
[TimeControl "180+1"]
[EndTime "11:16:41 PDT"]
[Termination "frederiksvane won by resignation"]

1. e4 c5 2. Nf3 Nc6 3. Bb5 d6 4. d4 cxd4 5. Nxd4 Bd7 6. c4 Nf6 7. Nc3 Nxd4 8. Qxd4 g6 9. O-O Bg7 10. Bg5 O-O 11. Rfe1 a6 12. Bxd7 Nxd7 13. Qd2 Rc8 14.
Nd5 Re8 15. Rad1 Ne5 16. b3 Rc6 17. f4 Nd7 18. e5 h6 19. Bh4 dxe5 20. Nxe7+ Rxe7 21.
Bxe7 Qxe7 22. Qxd7 Qc5+ 23. Kh1 exf4 24. Re8+ Bf8 25.
Qd4 Qf5 26. Rxf8+ Kxf8 27. Qh8+ Ke7 28. Qd8+ Ke6 29. Re1+ Qe5 30. Qd5+ 1-0

[Event "*** SCC Grand Prix: Titled Tuesday Blitz"]
[Site "Chess.com"]
[Date "2020.08.11"]
[Round "7"]
[White "korkmaz16"]
[Black "AlexSuv"]
[Result "0-1"]
[WhiteElo "2347"]
[BlackElo "2497"]
[TimeControl "180+1"]
[EndTime "11:16:41 PDT"]
[Termination "AlexSuv won by checkmate"]

1. d4 Nf6 2. Nf3 e6 3. e3 b6 4. Bd3 Bb7 5. O-O Be7 6. c4 O-O 7. Nc3 d5 8. b3 Nbd7 9. cxd5 exd5 10. Bb2 Ne4 11. Rc1 Rc8 12. Ne5 Ndf6 13. Nb5 a6 14. Na7 Ra8 15. Nac6 Qe8 16. Nxe7+ Qxe7 17. Qc2 Rac8 18.
f3 Nd6 19. Rfe1 c5 20. dxc5 bxc5 21. Qe2 a5 22. e4 dxe4 23. fxe4 Ndxe4 24. Nc4 Rfe8 25. Nxa5 Ba8 26. Nc4 Qc7 27. Qf1 Rcd8 28. Bxe4 Nxe4 29. Rcd1 f6 30. Rxd8 Rxd8 31. Qe2 Qf4 32. Qe3 Qg4 33. h3 Qg6 34. Nb6 Bc6 35. Nc4 h5 36. Rf1 Kh7 37.
Rf4 Nd2 38. Nxd2 Qxg2# 0-1

[Event "*** SCC Grand Prix: Titled Tuesday Blitz"]
[Site "Chess.com"]
[Date "2020.08.11"]
[Round "7"]
[White "anon569"]
[Black "smshk35"]
[Result "0-1"]
[WhiteElo "2344"]
[BlackElo "2495"]
[TimeControl "180+1"]
[EndTime "11:16:41 PDT"]
[Termination "smshk35 won on time"]

1. e4 c5 2. Nf3 e6 3. d4 cxd4 4. Nxd4 a6 5. Bd3 Nc6 6. Nxc6 dxc6 7. O-O Bc5 8. Qg4 Nf6 9. Qxg7 Rg8 10. Qh6 Rg6 11. Qh4 Rg4 12. Qh3 e5 13. Qf3 Rg6 14.
h3 Qe7 15. Nc3 Be6 16. Be3 O-O-O 17. Rad1 Rdg8 18. Bxc5 Qxc5 19. Kh1 h5 20. Ne2 Qf8 21. Rg1 Ng4 22. Rgf1 Qg7 23. hxg4 Bxg4 24. Qe3 Bxe2 25. Bxe2 Rxg2 26. Bf3 Rg5 27. Kh2 Qf6 28. Bh1 Rg4 0-1

[Event "*** SCC Grand Prix: Titled Tuesday Blitz"]
[Site "Chess.com"]
[Date "2020.08.11"]
[Round "7"]
[White "GAusal"]
[Black "HanSchut"]
[Result "1-0"]
[WhiteElo "2160"]
[BlackElo "2300"]
[TimeControl "180+1"]
[EndTime "11:16:46 PDT"]
[Termination "GAusal won by checkmate"]

1. e4 c5 2. f4 g6 3. h4 d5 4. e5 h5 5. Nf3 Bg4 6. d4 cxd4 7. Qxd4 Bxf3 8. gxf3 e6 9. Nc3 Be7 10.
Bb5+ Nc6 11. f5 gxf5 12. Be3 a6 13. Bxc6+ bxc6 14. O-O-O c5 15. Qa4+ Qd7 16. b3 d4 17.
Qxd7+ Kxd7 18. Na4 Kc6 19. Bd2 f6 20. Bf4 fxe5 21.
Bxe5 Bf6 22. Rhe1 Re8 23. c3 dxc3 24. Rd3 Rh6 25. Rd6+ Kb7 26. Rd7+ Kc8 27. Nb6# 1-0

[Event "*** SCC Grand Prix: Titled Tuesday Blitz"]
[Site "Chess.com"]
[Date "2020.08.11"]
[Round "7"]
[White "JRenatoMaranhao"]
[Black "ZverevLev"]
[Result "0-1"]
[WhiteElo "2063"]
[BlackElo "2311"]
[TimeControl "180+1"]
[EndTime "11:16:46 PDT"]
[Termination "ZverevLev won on time"]

1. e4 c5 2. Nf3 d6 3. d4 cxd4 4. Nxd4 Nf6 5. Nc3 a6 6. h3 Nbd7 7. g4 h6 8. Bg2 e5 9. Nf5 Nc5 10. f4 Bxf5 11. exf5 exf4 12. Bxf4 Be7 13. Nd5 Nxd5 14.
Qxd5 Bh4+ 15. Kf1 Qb6 16. Qxd6 Qb5+ 17. Kg1 Be7 18. Qd4 O-O 19. a4 Qb6 20. b4 Bf6 21. Qxc5 Bd4+ 22. Kh2 Bxc5 23. bxc5 Qxc5 24. Rhc1 Rfe8 25.
Bg3 Rad8 26. Bxb7 Rd2+ 27. Bg2 Ree2 28. Rg1 Qxc2 29. Rac1 Rxg2+ 0-1

[Event "*** SCC Grand Prix: Titled Tuesday Blitz"]
[Site "Chess.com"]
[Date "2020.08.11"]
[Round "7"]
[White "carlsen1001"]
[Black "AvitalBor"]
[Result "0-1"]
[WhiteElo "2428"]
[BlackElo "2834"]
[TimeControl "180+1"]
[EndTime "11:16:47 PDT"]
[Termination "AvitalBor won by resignation"]

1. d4 Nf6 2. c4 g6 3. Nf3 Bg7 4.
Nc3 d5 5. Qb3 c6 6. e3 O-O 7. Be2 a6 8. c5 Nbd7 9. O-O Ne4 10. Rd1 f5 11. a4 h6 12. Nd2 e6 13.
f3 Nxd2 14. Bxd2 g5 15. Be1 Qf6 16. Qc2 Kh8 17. b4 e5 18. Rab1 f4 19. Bf2 Re8 20. e4 exd4 21. Bxd4 Ne5 22. exd5 Bf5 23. Qb2 Bxb1 24.
Qxb1 cxd5 25. Nxd5 Qf7 26. Bf2 Rad8 27. Nb6 Nc6 28. Bc4 Qf5 29. Qxf5 Rxd1+ 30. Bf1 Nd4 31. g4 Nxf5 32. gxf5 Bd4 33. f6 Bxf6 34. Nc4 Bd4 35. Bxd4+ Rxd4 36. Nd6 Rxd6 37. cxd6 Rd8 0-1

[Event "*** SCC Grand Prix: Titled Tuesday Blitz"]
[Site "Chess.com"]
[Date "2020.08.11"]
[Round "7"]
[White "ShapkinAnatoliy"]
[Black "Oglob71"]
[Result "0-1"]
[WhiteElo "2737"]
[BlackElo "2586"]
[TimeControl "180+1"]
[EndTime "11:16:47 PDT"]
[Termination "Oglob71 won by resignation"]

1. d4 Nf6 2. c4 e6 3. g3 d5 4. Nf3 Be7 5. Bg2 O-O 6. O-O dxc4 7.
Qc2 a6 8. a4 Bd7 9. Rd1 Bc6 10.
Nc3 Nd5 11. e4 Nb4 12. Qe2 Nd3 13. Be3 Bb4 14. Ne5 Nxe5 15. dxe5 Qe7 16. Qxc4 Nd7 17. f4 Nb6 18. Qb3 Bc5 19. Nd5 exd5 20. exd5 Bxa4 21.
Rxa4 Nxa4 22. d6 Bxe3+ 23. Qxe3 cxd6 24. Rxd6 Rad8 25. Qd4 Rxd6 26. exd6 Qe1+ 27. Bf1 Qa5 28. Kh1 Nxb2 29. Qxb2 Qd5+ 30. Kg1 Qxd6 31. Qxb7 a5 32.
Qa7 Qb4 33. f5 a4 34. f6 gxf6 35. Qf2 Qc3 36. Qf5 Qd4+ 37. Kg2 Rd8 38. Be2 Qd5+ 39.
Qxd5 0-1

[Event "*** SCC Grand Prix: Titled Tuesday Blitz"]
[Site "Chess.com"]
[Date "2020.08.11"]
[Round "7"]
[White "gusmaster2262"]
[Black "Danfii"]
[Result "0-1"]
[WhiteElo "2214"]
[BlackElo "2356"]
[TimeControl "180+1"]
[EndTime "11:16:47 PDT"]
[Termination "Danfii won on time"]

1. c4 e5 2. Nc3 Nf6 3. g3 d5 4.
cxd5 Nxd5 5. Bg2 Nb6 6. Nf3 Nc6 7. O-O Be7 8. d3 O-O 9. a3 Re8 10. b4 Bf8 11. Bb2 a5 12. b5 Nd4 13. Nd2 a4 14. e3 Ne6 15. Qe2 Nc5 16. Nde4 Qxd3 17.
Nxc5 Qxe2 18. Nxe2 Bxc5 19. Rac1 Bd6 20. Rfd1 Ra5 21.
Nc3 Nc4 22. Rc2 Nxb2 23. Rxb2 Bxa3 24. Ra2 Bb4 25. Nxa4 Be6 26. Raa1 Rxb5 27. Rab1 c6 28. f4 exf4 29. gxf4 Ra8 30. Nb2 Bc5 31. Kf2 Ba2 32.
Bf1 Rb4 0-1

[Event "*** SCC Grand Prix: Titled Tuesday Blitz"]
[Site "Chess.com"]
[Date "2020.08.11"]
[Round "7"]
[White "Gvetadze"]
[Black "Andrakhanova"]
[Result "1-0"]
[WhiteElo "2419"]
[BlackElo "1702"]
[TimeControl "180+1"]
[EndTime "11:16:47 PDT"]
[Termination "Gvetadze won by resignation"]

1. Nf3 d5 2. g3 c6 3. Bg2 Nf6 4. O-O e6 5. d3 Nbd7 6. Nbd2 g6 7. e4 dxe4 8. dxe4 Bg7 9. Qe2 O-O 10. e5 Nd5 11. c4 Ne7 12. Rd1 Qc7 13. Re1 c5 14.
Nf1 Rb8 15. h4 h5 16. N1h2 Nf5 17. Bf4 b6 18. Rad1 Bb7 19. Ng5 Bxg2 20. Kxg2 Rbd8 21. Qe4 Nd4 22. Nhf3 Nf5 23. Rd2 Nb8 24. Red1 Rxd2 25.
Rxd2 Nc6 26. Kh2 Ncd4 27. Nxd4 Nxd4 28. Qe3 Rd8 29. Ne4 Nf5 30. Qc3 Kf8 31. Nf6 Rxd2 32.
Qxd2 Nd4 33. Qe3 Qc6 34. Ne4 Nf5 35. Qe1 Nd4 36. Kg2 Ke7 37. f3 Kf8 38. Qd2 Qc7 39.
Nf6 Qd8 40. Bh6 Qc7 41. Bxg7+ Ke7 42. Ne4 Qc6 43. b3 a5 44. Bf6+ Kd7 45. Qh6 a4 46. Qf8 1-0

[Event "*** SCC Grand Prix: Titled Tuesday Blitz"]
[Site "Chess.com"]
[Date "2020.08.11"]
[Round "7"]
[White "MestreSoares"]
[Black "jamalm2"]
[Result "1-0"]
[WhiteElo "2152"]
[BlackElo "1833"]
[TimeControl "180+1"]
[EndTime "11:16:47 PDT"]
[Termination "MestreSoares won on time"]

1. Nf3 c6 2. b3 d5 3. e3 Bg4 4. Bb2 Nd7 5. d4 Ngf6 6. Be2 Ne4 7. O-O e6 8. c4 Bd6 9. h3 h5 10. Nc3 Ng5 11. Nxg5 Bxe2 12. Nxf7 Kxf7 13. Qxe2 Nf6 14. e4 dxe4 15. Nxe4 Nxe4 16. Qxe4 Bc7 17. Rad1 Qd6 18. f4 Rh6 19. Rf3 Rf8 20. Re1 Kg8 21. Bc1 Rhf6 22. Ref1 R8f7 23. Bb2 1-0

[Event "*** SCC Grand Prix: Titled Tuesday Blitz"]
[Site "Chess.com"]
[Date "2020.08.11"]
[Round "7"]
[White "NotFischer"]
[Black "bugbug01052018"]
[Result "1-0"]
[WhiteElo "2095"]
[BlackElo "2150"]
[TimeControl "180+1"]
[EndTime "11:16:48 PDT"]
[Termination "NotFischer won by resignation"]

1. e4 c5 2. Nf3 Nc6 3. d4 cxd4 4. Nxd4 g6 5. Nc3 Bg7 6. Be3 Nf6 7. Be2 O-O 8. O-O d5 9. exd5 Nxd5 10. Nxd5 Qxd5 11. Bf3 Qd6 12. Nxc6 bxc6 13. Qxd6 exd6 14. Bxc6 Rb8 15. Rab1 Bf5 16. Bxa7 Rxb2 17. Rxb2 Bxb2 18. Rb1 Be5 19. Ba4 Ra8 20. Rb8+ Rxb8 21. Bxb8 Kf8 22. g3 Ke7 23. Ba7 Bc3 24. f4 Be4 25. Kf2 f5 26. Bb3 d5 27.
Bc5+ Kd7 28. a4 Kc6 29. Bf8 Bd4+ 30. Ke2 Bg1 31. h4 h5 32. Bb4 Ba7 33. Bd2 Bg2 34. c3 Bh3 35. Be3 Bg4+ 36. Kd2 Bxe3+ 37. Kxe3 Kc5 38.
a5 Bh3 39. a6 Kb6 40. Bxd5 Kxa6 41. Kd4 Kb6 42. Bf7 1-0

[Event "*** SCC Grand Prix: Titled Tuesday Blitz"]
[Site "Chess.com"]
[Date "2020.08.11"]
[Round "7"]
[White "volkanyirik"]
[Black "stolencandy13"]
[Result "0-1"]
[WhiteElo "2265"]
[BlackElo "2423"]
[TimeControl "180+1"]
[EndTime "11:16:49 PDT"]
[Termination "stolencandy13 won by resignation"]

1. e4 c6 2. Nc3 d5 3. d4 dxe4 4. f3 exf3 5. Nxf3 Nf6 6. Bc4 Bf5 7. Ne5 e6 8. O-O Bg6 9. Bf4 Nbd7 10. Qe2 Be7 11.
Rad1 O-O 12. h3 Nb6 13. Bb3 Nbd5 14. Nxd5 cxd5 15. Nxg6 hxg6 16. c3 Rc8 17. Bc2 Nh5 18.
Be5 Bd6 19. g4 Ng3 20. Bxg3 Bxg3 21. Rf3 Bd6 22. Rdf1 Qh4 23. Kg2 Rce8 24. Qb5 Qe7 25. Qe2 a6 26. Rh1 Qh4 27. Qe1 Qxe1 28. Rxe1 b5 29. Bb3 Rc8 30. Ref1 Rc7 31. h4 a5 32. h5 g5 33. Bc2 b4 34. Bb3 Bf4 35. R3f2 bxc3 36.
bxc3 Rxc3 0-1